 Dungeon Crawl Stone Soup version 0.19-a0-1899-g2d93087 (webtiles) character file.

4 Morenatsu the Cudgeler (level 1, -2/24 HPs)
             Began as an Ogre Berserker on Oct 20, 2016.
             Was a Follower of Trog.
             Slain by a hobgoblin
             ... wielding a +0 club
              (4 damage)
             ... on level 1 of the Dungeon.
             The game lasted 00:00:39 (211 turns).

Morenatsu the Cudgeler (Ogre Berserker)              Turns: 211, Time: 00:00:40

Health: -2/24      AC:  3    Str: 21    XL:     1   Next: 60%
Magic:  1/1        EV: 10    Int:  6    God:    Trog [*.....]
Gold:   18         SH:  0    Dex:  9    Spells: 0 memorised, 0 levels left

rFire  . . .     SeeInvis .     a - +0 mace
rCold  . . .     Gourm    .     b - +0 animal skin
rNeg   . . .     Faith    .     (no shield)
rPois  .         Spirit   .     (helmet restricted)
rElec  .         Reflect  .     (no cloak)
rCorr  .         Harm     .     (gloves unavailable)
MR     .....                    (boots unavailable)
Stlth  +.........               (no amulet)
                                (no ring)
                                (no ring)

@: no status effects
A: unfitting armour, tough skin 1
a: Berserk, Burn Spellbooks, Renounce Religion


You were on level 1 of the Dungeon.
You worshipped Trog.
Trog was aware of your devotion.
You were not hungry.

You visited 1 branch of the dungeon, and saw 1 of its levels.

You collected 18 gold pieces.

Inventory:

Hand Weapons
 a - a +0 mace (weapon)
Armour
 b - a +0 animal skin (worn)
Comestibles
 c - a bread ration
 d - a chunk of flesh


   Skills:
 - Level 4.0 Fighting
 + Level 4.4 Maces & Flails
 - Level 2.6 Dodging


You couldn't memorise any spells.
You didn't know any spells.

Dungeon Overview and Level Annotations

Branches:
Dungeon (1/15)

Altars:


Innate Abilities, Weirdness & Mutations

You are too large for most types of armour.
You have tough skin. (AC +1)


Message History

The hobgoblin barely misses you.
You barely miss the hobgoblin. The hobgoblin barely misses you.
The bat barely misses you.
You hit the hobgoblin but do no damage. The bat closely misses you.
The hobgoblin hits you with a club. x2
You closely miss the hobgoblin. The hobgoblin hits you with a club.
You barely miss the hobgoblin. The hobgoblin hits you with a club. x2
* * * LOW HITPOINT WARNING * * *
You are too injured to fight recklessly!
The hobgoblin closely misses you. The hobgoblin barely misses you.
The hobgoblin hits you but does no damage.
The bat barely misses you. The bat hits you.
* * * LOW HITPOINT WARNING * * *
The hobgoblin hits you with a club.
* * * LOW HITPOINT WARNING * * *
The bat hits you but does no damage. The hobgoblin misses you.
The hobgoblin hits you with a club.
You die...

#.# #.... #.# #...# #.#
#...####
#########.####......
........#..#.#...#######
.........(.....#........
...........#....b...####
.............###........
............## #@.......
......)..>..####g.......
.....(.##..........[....
#########.##..........##
#V#Q#e#......###..#.#...
#########..#...#..######
......'..........##
########..........
#9#n#o#.#######..


You could see a hobgoblin and a bat.

Vanquished Creatures
  2 hobgoblins (D:1)
  A ball python (D:1)
  A frilled lizard (D:1)
4 creatures vanquished.

Notes
Turn   | Place    | Note
-------+----------+-------------------------------------------
     0 | D:1      | Morenatsu the Ogre Berserker began the quest for the Orb.
     0 | D:1      | Reached XP level 1. HP: 24/24 MP: 1/1
     2 | D:1      | Noticed a demonspawn
     2 | D:1      | Noticed a draconian
     4 | D:1      | Noticed a minotaur
     4 | D:1      | Noticed a demigod
     6 | D:1      | Noticed a centaur
     6 | D:1      | Noticed a troll
     8 | D:1      | Noticed an ogre
    10 | D:1      | Noticed a felid
    10 | D:1      | Noticed a vine stalker
    12 | D:1      | Noticed a naga
    12 | D:1      | Noticed a halfling
    14 | D:1      | Noticed a merfolk
    16 | D:1      | Noticed a formicid
    16 | D:1      | Noticed an octopode
    18 | D:1      | Noticed a dwarf
    18 | D:1      | Noticed a spriggan
    20 | D:1      | Noticed a human
    22 | D:1      | Noticed a vampire
    22 | D:1      | Noticed a gargoyle
    24 | D:1      | Noticed a tengu
    24 | D:1      | Noticed a ghoul
    26 | D:1      | Noticed an elf
   211 | D:1      | Slain by a hobgoblin

Vault maps used:
D:1:      kb_arrival_jail, serial_co_window_serial, co_window_paths_b,
          co_window_paths_a, co_window_corner_a, co_window_corner_a,
          co_window_corner_a, co_window_2corner, co_window_paths_c,
          co_window_unsneaky_path_b, co_window_corner_b, co_window_broadway_c,
          co_window_2corner, glass_columns_a

Action                   || total
-------------------------++-------
Melee: Mace              ||    19
Armor: Animal skin       ||     4
Dodge: Dodged            ||    15
